[Event "Team 45 45 League T34"]
[Site "Internet Chess Club"]
[Date "2007.07.21"]
[Round "1"]
[White "chipionero"]
[Black "bmw2002"]
[Result "1/2-1/2"]
[WhiteElo "1678"]
[BlackElo "1722"]
[Opening "King's Indian: 6.Be2"]
[ECO "E91"]
[Time "11:02:02"]
[TimeControl "2700+45"]

1. d4 Nf6 2. c4 g6 3. Nc3 Bg7 4. e4 d6 5. Nf3 O-O 6. Be2 Nbd7 7. b4 e5 8. d5 Nh5
9. Bg5 f6 10. Be3 f5 11. Ng5 Ndf6 12. exf5 Bxf5 13. g4 h6 14. gxf5 hxg5 15. Bxg5
Qe8 16. Bxh5 Nxh5 17. fxg6 Qxg6 18. h4 Nf4 19. Kf1 Nd3 20. Be3 Qf5 21. Qe2 e4
22. Rg1 Kh7 23. Rxg7+ Kxg7 24. Nxe4 Ne5 25. Ng5 Kg6 26. h5+ Kf6 27. Rd1 Rae8 28.
Rd4 Qb1+ 29. Rd1 Qf5 30. Rd4 Qb1+ 31. Rd1 Qf5 32. Rd4 {Game drawn by repetition}
1/2-1/2

[Event "Team 45 45 League T34"]
[Site "Internet Chess Club"]
[Date "2007.07.22"]
[Round "1"]
[White "joshua9"]
[Black "Luckydawg"]
[Result "0-1"]
[WhiteElo "1580"]
[BlackElo "1683"]
[Opening "Pirc: Holmov system"]
[ECO "B07"]
[Time "20:00:13"]
[TimeControl "2700+45"]

1. e4 d6 2. d4 Nf6 3. Nc3 g6 4. Bc4 Bg7 5. Qe2 Nc6 6. e5 Nxd4 7. Qd3 dxe5 8. Ne4
Nxe4 9. f3 Nd6 10. Be3 Bf5 11. Qc3 Nxc2+ 12. Kf2 Nxa1 13. Bd3 Bxd3 14. Qxd3 O-O
15. Ne2 Nf5 16. Qb1 Nxe3 17. Kxe3 Qd6 18. Nc3 Bh6+ 19. Kf2 Qd2+ 20. Kg3 Nc2 21.
Rd1 Qf4+ 22. Kf2 Ne3 23. Rd7 Ng4+ 24. Kf1 Nxh2+ 25. Kg1 Qg3 26. Ne2 Nxf3+ 27.
Kf1 Nh2+ 28. Kg1 Be3+ 29. Kh1 Qh4 30. g3 Qh3 31. Ng1 Bxg1 32. Kxg1 Nf3+ 33. Kf2
Qxd7 34. Kxf3 Rad8 {White resigns} 0-1

[Event "Team 45 45 League T34"]
[Site "Internet Chess Club"]
[Date "2007.07.23"]
[Round "1"]
[White "BrerRabbit"]
[Black "jjmolina"]
[Result "1/2-1/2"]
[WhiteElo "1556"]
[BlackElo "1505"]
[Opening "QGD Slav: 4.e3 Bf5"]
[ECO "D12"]
[Time "14:04:36"]
[TimeControl "2700+45"]

1. d4 d5 2. c4 c6 3. Nf3 Nf6 4. e3 Bf5 5. cxd5 cxd5 6. Qb3 Qc7 7. Bd2 Nc6 8. Bb5
a6 9. Be2 e6 10. O-O Bd6 11. Nc3 Ne4 12. h3 O-O 13. Nxe4 Bxe4 14. Rac1 Qd7 15.
a3 Rac8 16. Bd3 Bxf3 17. gxf3 Qe7 18. Kh1 Qh4 19. Kg2 Qg5+ 20. Kh1 Qh4 21. Kg2
Qg5+ 22. Kh1 Qh4 23. Kg2 Qg5+ {Game drawn by repetition} 1/2-1/2

[Event "Team 45 45 League T34"]
[Site "Internet Chess Club"]
[Date "2007.07.20"]
[Round "1"]
[White "Shereshevsky"]
[Black "MathWorker"]
[Result "1-0"]
[WhiteElo "1429"]
[BlackElo "1519"]
[Opening "QGD: Orthodox defense"]
[ECO "D60"]
[Time "21:00:57"]
[TimeControl "2700+45"]

1. d4 e6 2. c4 d5 3. Nc3 Nf6 4. Nf3 Nbd7 5. Bg5 Be7 6. e3 O-O 7. cxd5 Nxd5 8.
Bxe7 Qxe7 9. Bd3 c6 10. O-O Nxc3 11. bxc3 e5 12. Qc2 g6 13. h4 exd4 14. cxd4 Nf6
15. e4 Be6 16. e5 Nd5 17. a3 Bg4 18. Ng5 h6 19. f3 hxg5 20. fxg4 Ne3 21. Qd2
Nxf1 22. Rxf1 Qd7 23. Bc4 Qxg4 24. Rf6 gxh4 25. Qh6 Qh5 26. Rxg6+ Qxg6 27. Qxg6+
Kh8 28. Bxf7 Rxf7 29. Qxf7 Rg8 30. Qh5+ Kg7 31. Qxh4 Kf7 32. Qf6+ Ke8 33. Qe6+
Kf8 34. Qc8+ Kg7 35. Qxb7+ Kg6 36. Qxc6+ {Black resigns} 1-0

[Event "Team 45 45 League T34"]
[Site "Internet Chess Club"]
[Date "2007.07.22"]
[Round "1"]
[White "chessateer"]
[Black "A-Ru"]
[Result "1-0"]
[WhiteElo "1869"]
[BlackElo "1981"]
[Opening "French: King's Indian attack"]
[ECO "C00"]
[Time "11:00:54"]
[TimeControl "2700+45"]

1. e4 e6 2. d3 d5 3. Nd2 c5 4. Ngf3 Nc6 5. g3 Bd6 6. Bg2 Nge7 7. O-O O-O 8. Re1
Qc7 9. c3 Bd7 10. Nf1 f6 11. d4 cxd4 12. exd5 Nxd5 13. Nxd4 Nxd4 14. Qxd4 Bc5
15. Qe4 Qb6 16. Ne3 Rae8 17. Nxd5 Bxf2+ 18. Kh1 exd5 19. Qxd5+ Be6 20. Rxe6 Qxe6
21. Qxe6+ Rxe6 22. Bd5 Re8 23. Bf4 Kf8 24. Bxe6 Rxe6 25. Rd1 Re2 26. Rd2 Rxd2
27. Bxd2 b5 28. Kg2 Bc5 29. Kf3 Bd6 30. Ke4 Ke7 31. Be3 a6 32. Kd5 Kd7 33. b3
Bb8 34. Bd4 h5 35. c4 bxc4 36. bxc4 h4 37. Bf2 f5 38. gxh4 Bxh2 39. h5 f4 40.
Bd4 Bg3 41. Ke4 Kc6 42. Bxg7 {Black resigns} 1-0

[Event "Team 45 45 League T34"]
[Site "Internet Chess Club"]
[Date "2007.07.23"]
[Round "1"]
[White "ivanson"]
[Black "siddhu"]
[Result "1-0"]
[WhiteElo "1883"]
[BlackElo "1799"]
[Opening "Ruy Lopez: Berlin defense, open variation"]
[ECO "C67"]
[Time "15:00:29"]
[TimeControl "2700+45"]

1. e4 e5 2. Nf3 Nc6 3. Bb5 Nf6 4. O-O Nxe4 5. d4 Nd6 6. Bxc6 dxc6 7. dxe5 Nf5 8.
Qxd8+ Kxd8 9. Nc3 Ne7 10. Nd4 Nd5 11. Ne4 h6 12. f4 g6 13. Rd1 Ke8 14. c4 Nb6
15. Nf6+ Ke7 16. b3 Bg7 17. Ba3+ {Black resigns} 1-0

[Event "Team 45 45 League T34"]
[Site "Internet Chess Club"]
[Date "2007.07.23"]
[Round "1"]
[White "michaelus"]
[Black "mickeys"]
[Result "1-0"]
[WhiteElo "1793"]
[BlackElo "1669"]
[Opening "French: Tarrasch, closed variation"]
[ECO "C05"]
[Time "19:04:13"]
[TimeControl "2700+45"]

1. e4 e6 2. d4 d5 3. Nd2 Nf6 4. e5 Nfd7 5. Ngf3 c5 6. c3 Qb6 7. Bd3 Nc6 8. O-O
cxd4 9. cxd4 Nxd4 10. Nxd4 Qxd4 11. Nf3 Qb6 12. Qa4 Qb4 13. Qc2 Qc5 14. Qe2 Qc7
15. Bf4 Be7 16. Rac1 Qd8 17. Rc3 Nc5 18. Bb1 b6 19. Rfc1 Ba6 20. Qe3 Na4 21.
R3c2 Nc5 22. b4 Nd3 23. Rd1 Nxb4 24. Rb2 Bc4 25. Bg5 Nc6 26. Bxe7 Qxe7 27. Ng5
h6 28. Nh3 O-O 29. Kh1 f5 30. exf6 Qxf6 31. Rc2 Ne5 32. f3 Ng6 33. Nf2 e5 34.
Ng4 Qe6 35. Rcd2 d4 36. Qe4 d3 37. Bxd3 Bxd3 38. Rxd3 Nf4 39. R3d2 Rae8 40. g3
Ng6 41. Rd6 Qxa2 42. Qxg6 Qb3 43. Nxh6+ Kh8 44. R6d3 Qa2 45. Nf5 Rf7 46. Nd6
{Black resigns} 1-0

[Event "Team 45 45 League T34"]
[Site "Internet Chess Club"]
[Date "2007.07.19"]
[Round "1"]
[White "wango"]
[Black "parrot9"]
[Result "0-1"]
[WhiteElo "1620"]
[BlackElo "1722"]
[Opening "Sicilian: Grand Prix attack"]
[ECO "B23"]
[Time "15:01:27"]
[TimeControl "2700+45"]

1. e4 c5 2. Nc3 Nc6 3. f4 e6 4. Nf3 d5 5. Bb5 a6 6. Bxc6+ bxc6 7. O-O c4 8. d4
cxd3 9. cxd3 Bb4 10. Qa4 Qb6+ 11. Kh1 Bxc3 12. bxc3 Ne7 13. Ba3 Bd7 14. Bxe7
Kxe7 15. Rab1 Qc7 16. Ne5 f6 17. Nxd7 Kxd7 18. exd5 exd5 19. c4 dxc4 20. dxc4
Rhb8 21. c5 Rxb1 22. Rxb1 Rb8 23. Rd1+ Ke8 24. Qe4+ Kf8 25. Qxh7 Qxf4 26. Qh8+
Kf7 27. Rd7+ Ke6 28. Qh3+ f5 29. Rd6+ Qxd6 30. Qe3+ Qe5 {White resigns} 0-1

[Event "Team 45 45 League T34"]
[Site "Internet Chess Club"]
[Date "2007.07.20"]
[Round "1"]
[White "Razorbackchess"]
[Black "morgado"]
[Result "0-1"]
[WhiteElo "1875"]
[BlackElo "1977"]
[Opening "English opening"]
[ECO "A13"]
[Time "20:07:50"]
[TimeControl "2700+45"]

1. c4 e6 2. g3 d5 3. Bg2 c6 4. Nf3 Bd6 5. O-O f5 6. d3 Nf6 7. Nc3 O-O 8. cxd5
exd5 9. e4 Bb4 10. e5 Ne8 11. Bg5 Be7 12. Bxe7 Qxe7 13. d4 f4 14. Qd2 g5 15.
gxf4 gxf4 16. Ne2 Qf7 17. Kh1 Bg4 18. Rg1 Kh8 19. e6 Qxe6 20. Rae1 Qf5 21. Nc3
Nd7 22. Re7 Nef6 23. Ne5 Bh5 24. Bf1 Rg8 25. Rxg8+ Rxg8 26. Nf7+ Bxf7 27. Rxf7
Qg6 {White resigns} 0-1

[Event "Team 45 45 League T34"]
[Site "Internet Chess Club"]
[Date "2007.07.22"]
[Round "1"]
[White "tourettes"]
[Black "rubo"]
[Result "0-1"]
[WhiteElo "1768"]
[BlackElo "1854"]
[Opening "Caro-Kann: anti-anti-Caro-Kann defense"]
[ECO "B10"]
[Time "14:04:56"]
[TimeControl "2700+45"]

1. e4 c6 2. c4 d5 3. exd5 cxd5 4. cxd5 Nf6 5. Bb5+ Bd7 6. Bc4 Qc7 7. Qb3 b5 8.
Bxb5 Qxc1+ 9. Ke2 Bxb5+ 10. Qxb5+ Nbd7 11. Qb3 Rb8 12. Qc3 Qxb2 13. Qxb2 Rxb2
14. Nc3 Nb6 15. Nf3 Nfxd5 16. Rhc1 Nf4+ 17. Kf1 Nd3 18. Rd1 e6 19. Ke2 Nf4+ 20.
Kf1 Bb4 21. Ne4 f5 22. Nc3 O-O 23. g3 Nd3 24. Ne2 Bc5 25. Ned4 e5 26. Ne6 Rc8
27. Nxc5 Rxc5 28. a4 Rcc2 29. Ke2 e4 30. Nd4 Rc5 31. a5 Nc4 32. a6 g6 33. Ne6
Rd5 34. Ra4 Nb6 35. Rc1 Nxc1+ {White resigns} 0-1

[Event "Team 45 45 League T34"]
[Site "Internet Chess Club"]
[Date "2007.07.22"]
[Round "1"]
[White "Changuito-77"]
[Black "allanchs"]
[Result "1-0"]
[WhiteElo "1801"]
[BlackElo "1584"]
[Opening "Evans gambit"]
[ECO "C52"]
[Time "09:33:15"]
[TimeControl "2700+45"]

1. e4 e5 2. Nf3 Nc6 3. Bc4 Bc5 4. b4 Bxb4 5. c3 Ba5 6. O-O Nf6 7. Qb3 O-O 8. d4
d6 9. dxe5 dxe5 10. Ba3 Nxe4 11. Bxf8 Qxf8 12. Bd5 Nc5 13. Qc4 Be6 14. Bxe6 Nxe6
15. Re1 Qd6 16. Nbd2 Bb6 17. Ne4 Qe7 18. a4 Rd8 19. Ng3 Qf6 20. Rad1 h6 21. Rd5
Rxd5 22. Qxd5 Nf4 23. Qd2 Nh3+ 24. gxh3 Qxf3 25. Re2 Ba5 26. Re3 Qf4 27. Ne4 Bb6
28. Re2 Qf5 29. Qd3 Qg6+ 30. Qg3 Qe6 31. Rd2 Qc4 32. Qg4 Qxa4 {Black resigns}
1-0

[Event "Team 45 45 League T34"]
[Site "Internet Chess Club"]
[Date "2007.07.22"]
[Round "1"]
[White "crankn8tr"]
[Black "Electryon"]
[Result "1-0"]
[WhiteElo "1659"]
[BlackElo "1616"]
[Opening "Pirc: classical (two knights) system"]
[ECO "B08"]
[Time "14:03:47"]
[TimeControl "2700+45"]

1. e4 d6 2. d4 Nf6 3. Nc3 g6 4. Nf3 Bg7 5. Be3 O-O 6. h3 Nc6 7. Qd2 e5 8. dxe5
Nxe5 9. Nxe5 dxe5 10. O-O-O Be6 11. f3 c6 12. Qxd8 Rfxd8 13. Rxd8+ Rxd8 14. Bxa7
Ra8 15. Be3 Bxa2 16. Nxa2 Rxa2 17. Kb1 Ra8 18. Bc4 b5 19. Bb3 Rd8 20. Kc1 Bf8
21. Rd1 Rxd1+ 22. Kxd1 c5 23. c4 bxc4 24. Bxc4 Nd7 25. Kc2 Nb6 26. Kc3 Na4+ 27.
Kb3 Nb6 28. Bg5 Kg7 29. Bd8 Nd7 30. Bb5 Nf6 31. g4 h5 32. Kc4 hxg4 33. hxg4 Ng8
34. Bb6 f6 35. Bxc5 Bxc5 36. Kxc5 Kf8 37. Kd6 Kg7 38. Bc4 Nh6 39. Be6 Kf8 40. b4
Nf7+ 41. Bxf7 Kxf7 42. b5 f5 43. gxf5 gxf5 44. b6 fxe4 45. fxe4 {Black resigns}
1-0

[Event "Team 45 45 League T34"]
[Site "Internet Chess Club"]
[Date "2007.07.21"]
[Round "1"]
[White "Moondog"]
[Black "fishhead"]
[Result "1-0"]
[WhiteElo "1910"]
[BlackElo "1847"]
[Opening "King's Indian: Averbakh system"]
[ECO "E73"]
[Time "15:08:37"]
[TimeControl "2700+45"]

1. d4 Nf6 2. c4 g6 3. Nc3 Bg7 4. e4 d6 5. Be2 O-O 6. Bg5 h6 7. Be3 Nbd7 8. Qd2
Kh7 9. O-O-O c6 10. f4 Qc7 11. e5 Ng8 12. h4 Re8 13. Nf3 Nf8 14. Ng5+ hxg5 15.
hxg5+ Nh6 16. gxh6 Bh8 17. Ne4 f6 18. exd6 exd6 19. Bd3 b5 20. c5 d5 21. Nd6 Re7
22. f5 g5 23. Bxg5 fxg5 24. f6+ Ng6 25. Bxg6+ Kxg6 26. fxe7 Qxe7 27. Qd3+ {Black
resigns} 1-0

[Event "Team 45 45 League T34"]
[Site "Internet Chess Club"]
[Date "2007.07.21"]
[Round "1"]
[White "Mater"]
[Black "holtmild"]
[Result "1-0"]
[WhiteElo "1774"]
[BlackElo "1494"]
[Opening "QGD: Albin counter-gambit"]
[ECO "D08"]
[Time "17:03:33"]
[TimeControl "2700+45"]

1. d4 d5 2. c4 e5 3. cxd5 Qxd5 4. Nc3 Qxd4 5. Qxd4 exd4 6. Nb5 Bb4+ 7. Bd2 Bxd2+
8. Kxd2 Na6 9. Nxd4 Ne7 10. e3 O-O 11. Bc4 Nc5 12. Ngf3 Ne4+ 13. Ke2 Bg4 14. h3
Bh5 15. g4 Bg6 16. Ne5 c5 17. Nxg6 hxg6 18. Nb3 a6 19. Bd3 Nd6 20. Nxc5 Rfc8 21.
Rac1 Nd5 22. a3 Re8 23. Kf3 a5 24. Ne4 Nc8 25. Bc4 Ncb6 26. Bxd5 Nxd5 27. Nd6
Re7 28. Rhd1 Nf6 29. Rc8+ Rxc8 30. Nxc8 Re8 31. Nd6 Re7 32. Rc1 Kh7 33. Nb5 Ne4
34. Ke2 f5 35. Rc7 Rxc7 36. Nxc7 Nd6 37. Kd3 Ne4 38. Ke2 Kh6 39. f3 Nd6 40. b3
Kg5 41. Ne6+ Kf6 42. Nf4 Nf7 43. h4 Ne5 44. g5+ Kf7 45. Nd3 Nc6 46. f4 Ke7 47.
Kd2 Kd6 48. Nf2 Kd5 49. Kd3 b5 50. e4+ fxe4+ 51. Nxe4 Ne7 52. Nc3+ Kc6 53. Ne2
Kb6 54. Ng3 Nd5 55. f5 gxf5 56. Nxf5 g6 57. Ng3 Kc6 58. Kd4 Nf4 59. Ke5 Nd3+ 60.
Ke4 Nc5+ 61. Ke5 Nxb3 62. Kf6 b4 63. axb4 axb4 64. Kxg6 Nd4 65. Ne4 b3 66. Nd2
b2 67. h5 Nf3 68. Nb1 Nh4+ 69. Kf6 Kd7 70. g6 {Black resigns} 1-0

[Event "Team 45 45 League T34"]
[Site "Internet Chess Club"]
[Date "2007.07.21"]
[Round "1"]
[White "ears"]
[Black "jazzpiano"]
[Result "0-1"]
[WhiteElo "1580"]
[BlackElo "1804"]
[Opening "Scandinavian defense"]
[ECO "B01"]
[Time "16:09:52"]
[TimeControl "2700+45"]

1. e4 d5 2. exd5 Nf6 3. Bb5+ Bd7 4. Bc4 Bg4 5. f3 Bf5 6. Nc3 c6 7. dxc6 Nxc6 8.
Bb5 Qb6 9. Bxc6+ Qxc6 10. d3 e6 11. Be3 Bb4 12. Bd2 O-O 13. Ne4 Bxd2+ 14. Qxd2
Bxe4 15. fxe4 Rfd8 16. Qe2 Rac8 17. O-O-O Qa4 18. a3 Rc6 19. Nf3 Rdc8 20. Rd2
Qb3 21. Nd4 Qa2 22. c3 Qa1+ 23. Kc2 Rxc3+ 24. bxc3 Rxc3# {White checkmated} 0-1

[Event "Team 45 45 League T34"]
[Site "Internet Chess Club"]
[Date "2007.07.20"]
[Round "1"]
[White "DocHoliday"]
[Black "Klampin"]
[Result "1-0"]
[WhiteElo "1869"]
[BlackElo "1998"]
[Opening "Caro-Kann: Tartakower (fantasy) variation"]
[ECO "B12"]
[Time "13:04:24"]
[TimeControl "2700+45"]

1. e4 c6 2. d4 d5 3. f3 dxe4 4. fxe4 e5 5. Nf3 Be6 6. c3 Nd7 7. Bd3 Bd6 8. O-O
Ngf6 9. Ng5 Nf8 10. Nxe6 Nxe6 11. Be3 exd4 12. cxd4 Qb6 13. Na3 Qc7 14. e5 Bxa3
15. exf6 Bd6 16. d5 Bxh2+ 17. Kh1 cxd5 18. Bb5+ Kf8 19. fxg7+ Nxg7 20. Qxd5 Bd6
21. Bc4 f5 22. Bh6 a6 23. Rae1 {Black resigns} 1-0

[Event "Team 45 45 League T34"]
[Site "Internet Chess Club"]
[Date "2007.07.21"]
[Round "1"]
[White "Vitruvian"]
[Black "markgravitygood"]
[Result "1-0"]
[WhiteElo "1843"]
[BlackElo "1813"]
[Opening "Caro-Kann: Panov-Botvinnik attack, 5...e6"]
[ECO "B14"]
[Time "10:04:31"]
[TimeControl "2700+45"]

1. e4 c6 2. d4 d5 3. exd5 cxd5 4. c4 Nf6 5. Nc3 e6 6. Nf3 Nc6 7. Bd3 dxc4 8.
Bxc4 Be7 9. O-O O-O 10. a3 a6 11. Bg5 Qc7 12. Qe2 Rd8 13. Rfd1 b5 14. Ba2 b4 15.
Ne4 Nxe4 16. Qxe4 Bb7 17. Rac1 Qb6 18. d5 exd5 19. Bxd5 Rd6 20. Bxc6 Re6 21. Qh4
Bxg5 22. Nxg5 Rxc6 23. Qxh7+ Kf8 24. Qh8+ Ke7 25. Qxg7 Rf8 26. Re1+ Re6 27.
Rxe6+ {Black resigns} 1-0

[Event "Team 45 45 League T34"]
[Site "Internet Chess Club"]
[Date "2007.07.21"]
[Round "1"]
[White "charles-allen"]
[Black "superbeast"]
[Result "1-0"]
[WhiteElo "1737"]
[BlackElo "1509"]
[Opening "Sicilian: Smith-Morra gambit"]
[ECO "B21"]
[Time "14:58:21"]
[TimeControl "2700+45"]

1. e4 c5 2. d4 cxd4 3. c3 Nf6 4. e5 Nd5 5. Qxd4 e6 6. Nf3 Nc6 7. Qg4 f5 8. Qg3
Qc7 9. Nbd2 d6 10. Nc4 Nxe5 11. Nfxe5 dxe5 12. Qxe5 Qxe5+ 13. Nxe5 Bd6 14. Bb5+
Ke7 15. Bg5+ Nf6 16. f4 a6 17. Be2 Bd7 18. Bf3 Rab8 19. O-O-O Rhc8 20. Rxd6 Kxd6
21. Bxf6 gxf6 22. Rd1+ Ke7 23. Nxd7 {Black resigns} 1-0

[Event "Team 45 45 League T34"]
[Site "Internet Chess Club"]
[Date "2007.07.22"]
[Round "1"]
[White "SpikeyJ"]
[Black "RisingMercury"]
[Result "1-0"]
[WhiteElo "2206"]
[BlackElo "2007"]
[Opening "English opening"]
[ECO "A10"]
[Time "16:07:37"]
[TimeControl "2700+45"]

1. c4 g6 2. g3 Bg7 3. Bg2 e5 4. Nc3 f5 5. d3 Nc6 6. e4 Nge7 7. Nge2 O-O 8. O-O
d6 9. Nd5 Be6 10. Be3 Qd7 11. Qd2 Rf7 12. f3 Raf8 13. Rae1 Nc8 14. exf5 Bxf5 15.
d4 Bh3 16. Ndc3 Bxg2 17. Kxg2 Nb6 18. b3 Qf5 19. d5 Nd8 20. Ne4 Rd7 21. N2c3 Nc8
22. f4 Bh6 23. fxe5 Bxe3 24. Qxe3 Qxe5 25. Rxf8+ Kxf8 26. Qh6+ Qg7 27. Rf1+ Rf7
28. Rxf7+ Nxf7 29. Qf4 Ke7 30. Qh4+ g5 31. Qg4 Nb6 32. Qe6+ Kd8 33. Nf6 c6 34.
Na4 Ne5 35. Nxb6 axb6 36. Qxd6+ Nd7 37. Qxd7+ Qxd7 38. Nxd7 Kxd7 39. dxc6+ Kxc6
40. Kf3 Kc5 41. Kg4 h6 42. Kh5 Kb4 43. Kxh6 g4 44. Kg5 Ka3 45. Kxg4 Kxa2 46. b4
Kb3 47. c5 bxc5 48. bxc5 Kb4 49. h4 Kxc5 50. h5 b5 51. h6 b4 52. h7 b3 53. h8=Q
{Black resigns} 1-0

[Event "Team 45 45 League T34"]
[Site "Internet Chess Club"]
[Date "2007.07.22"]
[Round "1"]
[White "SuperMathBoy"]
[Black "ddlj81"]
[Result "1-0"]
[WhiteElo "2082"]
[BlackElo "2016"]
[Opening "Vienna: Paulsen-Mieses variation"]
[ECO "C26"]
[Time "14:03:14"]
[TimeControl "2700+45"]

1. e4 e5 2. Nc3 Nf6 3. g3 Nc6 4. Bg2 Bc5 5. Nge2 d6 6. Na4 Bb6 7. Nxb6 axb6 8.
d3 Be6 9. c4 Qc8 10. h3 O-O 11. f4 g6 12. g4 exf4 13. Bxf4 Ne5 14. O-O Rd8 15.
Bxe5 Nxg4 16. Bf6 Nxf6 17. Rxf6 Bxh3 18. Nf4 Bxg2 19. Nxg2 Ra5 20. Qf3 Qd7 21.
Rf1 Rf8 22. Nf4 Rg5+ 23. Kf2 Qa4 24. Ke3 Qa5 25. Ne6 fxe6 26. Rxg6+ {Black
resigns} 1-0

[Event "Team 45 45 League T34"]
[Site "Internet Chess Club"]
[Date "2007.07.23"]
[Round "1"]
[White "StrayLite"]
[Black "jcdios"]
[Result "1-0"]
[WhiteElo "1968"]
[BlackElo "1893"]
[Opening "Caro-Kann: exchange, Rubinstein variation"]
[ECO "B13"]
[Time "20:08:48"]
[TimeControl "2700+45"]

1. e4 c6 2. d4 d5 3. exd5 cxd5 4. Bd3 Nc6 5. c3 Nf6 6. Bf4 Bg4 7. Qb3 Qc8 8. Nd2
e6 9. Ngf3 Bh5 10. O-O Be7 11. Rae1 O-O 12. Ne5 Nd7 13. Qc2 Ndxe5 14. dxe5 Bg6
15. Re3 Bxd3 16. Qxd3 b5 17. Rh3 g6 18. Bh6 Re8 19. Qg3 b4 20. Nf3 bxc3 21. bxc3
Qd7 22. Qf4 Rac8 23. Ng5 Nd8 24. Nxh7 f5 25. exf6 Qd6 26. Qg5 Kxh7 27. Bf8+ Kg8
28. Qxg6+ Kxf8 29. Qg7# {Black checkmated} 1-0

[Event "Team 45 45 League T34"]
[Site "Internet Chess Club"]
[Date "2007.07.19"]
[Round "1"]
[White "Razorbackchess"]
[Black "smitty120"]
[Result "1-0"]
[WhiteElo "1888"]
[BlackElo "1904"]
[Opening "English: closed system"]
[ECO "A25"]
[Time "20:04:08"]
[TimeControl "2700+45"]

1. c4 e5 2. g3 Nc6 3. Bg2 g6 4. Nc3 Bg7 5. e4 d6 6. Nge2 f5 7. d3 Nf6 8. O-O O-O
9. Rb1 a5 10. f4 Rb8 11. a3 Re8 12. h3 Be6 13. Kh2 Kh8 14. Nd5 Qd7 15. Be3 exf4
16. Nexf4 fxe4 17. dxe4 Ne5 18. Nxg6+ Nxg6 19. Nxf6 Bxf6 20. Rxf6 Bxc4 21. Rxg6
hxg6 22. Qd4+ Kh7 23. Qxc4 b5 24. Qc3 b4 25. axb4 Rxb4 26. Rf1 Qg7 27. Bd2 Qe7
28. Qe3 Rb5 29. Qh6+ Kg8 {Black resigns} 1-0

[Event "Team 45 45 League T34"]
[Site "Internet Chess Club"]
[Date "2007.07.21"]
[Round "1"]
[White "DTK"]
[Black "RedAttack"]
[Result "1-0"]
[WhiteElo "2205"]
[BlackElo "1857"]
[Opening "Sicilian: Nimzovich-Rossolimo attack (without ...d6)"]
[ECO "B30"]
[Time "19:01:40"]
[TimeControl "2700+45"]

1. e4 c5 2. Nf3 Nc6 3. Bb5 d6 4. O-O Bd7 5. Re1 e5 6. c3 Be7 7. d4 cxd4 8. cxd4
a6 9. Ba4 Nxd4 10. Nxd4 exd4 11. Bxd7+ Qxd7 12. Qxd4 Bf6 13. Qd3 Qb5 14. Qxd6
Rd8 15. Qa3 Rd3 16. Nc3 Bxc3 17. bxc3 Qc6 18. Be3 Nf6 19. Bd4 Nd7 20. Rab1 b5
21. Rb2 f6 22. Qb3 Qc4 23. Qxc4 bxc4 24. Rb4 Rd2 25. Rxc4 Ke7 26. Ra4 Ra8 27. h3
Rb2 28. Re3 Ke6 29. f4 h6 30. h4 a5 31. Rg3 Kf7 32. h5 Rb5 33. Rc4 Rxh5 34. Rc7
Rd8 35. e5 fxe5 36. Bxe5 g5 37. f5 Rh4 38. Rd3 Ke8 39. Bg7 Nf6 40. Rxd8+ Kxd8
41. Ra7 Nd7 42. Rxa5 Ke7 43. Ra7 Rf4 44. f6+ Ke6 45. Bxh6 Rxf6 46. Bxg5 Rf8 47.
Be3 Ne5 48. Bd4 Nc6 49. Ra6 Kd5 50. a4 Nxd4 51. cxd4 Kxd4 52. a5 Rg8 53. Rc6 Kd5
54. Rc2 Rg6 55. Ra2 Ra6 56. Kf2 Kc4 57. g4 Kb3 58. Ra1 Kb2 59. Rg1 Rxa5 60. g5
Ra7 61. g6 Rg7 62. Ke3 Kc3 63. Ke4 Rg8 64. g7 Kc4 65. Ke5 {Black resigns} 1-0

[Event "Team 45 45 League T34"]
[Site "Internet Chess Club"]
[Date "2007.07.23"]
[Round "1"]
[White "andrew28"]
[Black "Icebreaker"]
[Result "0-1"]
[WhiteElo "1812"]
[BlackElo "1875"]
[Opening "Sicilian: Alapin's variation (2.c3)"]
[ECO "B22"]
[Time "14:20:39"]
[TimeControl "2700+45"]

1. e4 c5 2. c3 Qa5 3. Bc4 Nc6 4. Qh5 g6 5. Qe2 Bg7 6. f4 d6 7. Nf3 Nf6 8. O-O
O-O 9. d3 b5 10. Bb3 b4 11. Bd2 Qc7 12. a3 Rb8 13. axb4 cxb4 14. Ba4 Nd7 15. d4
bxc3 16. Bxc3 Nb4 17. Rc1 a5 18. Na3 Ba6 19. Bb5 Bxb5 20. Nxb5 Qb6 21. Na3 Rfc8
22. Kh1 Rc7 23. f5 Rbc8 24. fxg6 hxg6 25. Nb5 Rc4 26. Na3 R4c6 27. Qf1 Nf6 28.
Ng5 Bh6 29. Nxf7 Kxf7 30. Re1 Kg7 31. e5 dxe5 32. dxe5 Nfd5 33. e6+ Nxc3 34.
Qf7+ Kh8 35. bxc3 Nd3 36. Rf1 Rxe6 37. Rad1 Rf8 38. Qxf8+ Bxf8 39. Rxf8+ Kg7 40.
Rdf1 Rf6 41. R8xf6 exf6 42. h3 Nf2+ 43. Kh2 Qd6+ 44. Kg1 Nxh3+ 45. gxh3 Qxa3 46.
Rf3 Qc1+ 47. Kg2 a4 {White resigns} 0-1

[Event "Team 45 45 League T34"]
[Site "Internet Chess Club"]
[Date "2007.07.22"]
[Round "1"]
[White "elnik"]
[Black "Silenita"]
[Result "0-1"]
[WhiteElo "1876"]
[BlackElo "1838"]
[Opening "Nimzo-Indian: classical, Botvinnik variation"]
[ECO "E36"]
[Time "19:01:32"]
[TimeControl "2700+45"]

1. d4 Nf6 2. c4 e6 3. Nc3 Bb4 4. Qc2 d5 5. a3 Bxc3+ 6. Qxc3 Nc6 7. Nf3 Ne4 8.
Qc2 Qf6 9. e3 Qg6 10. cxd5 exd5 11. Qb3 a6 12. Bd2 O-O 13. Qc2 Re8 14. Rg1 Bg4
15. Be2 Qf6 16. Bc3 Rad8 17. h3 Bf5 18. Bd3 Bxh3 19. Ne5 Bf5 20. Nxc6 bxc6 21.
O-O-O Nxc3 22. bxc3 Bxd3 23. Rxd3 c5 24. Rd2 cxd4 25. cxd4 Rb8 26. Rd3 c5 27.
dxc5 Qa1+ {White resigns} 0-1

[Event "Team 45 45 League T34"]
[Site "Internet Chess Club"]
[Date "2007.07.21"]
[Round "1"]
[White "IceBox"]
[Black "alexcolins"]
[Result "0-1"]
[WhiteElo "1674"]
[BlackElo "1907"]
[Opening "Nimzo-Indian: classical, 4...Nc6"]
[ECO "E33"]
[Time "17:02:06"]
[TimeControl "2700+45"]

1. d4 Nf6 2. c4 e6 3. Nc3 Bb4 4. Qc2 Nc6 5. Nf3 h6 6. e4 d6 7. a3 Bxc3+ 8. bxc3
e5 9. h3 O-O 10. Bd3 b6 11. O-O Ba6 12. Be3 Na5 13. Qe2 Bb7 14. Nd2 Nc6 15. f4
Qe7 16. fxe5 dxe5 17. d5 Nb8 18. Nb3 Nbd7 19. Qf2 c6 20. Qh4 cxd5 21. cxd5 Nxd5
22. Qe1 Nxe3 23. Qxe3 Rac8 24. Bb5 Nf6 25. Nd2 Qc5 26. Qxc5 Rxc5 27. Be2 Nxe4
28. Nxe4 Bxe4 29. Rac1 Rfc8 {White resigns} 0-1

[Event "Team 45 45 League T34"]
[Site "Internet Chess Club"]
[Date "2007.07.18"]
[Round "1"]
[White "LoseOften"]
[Black "Vannak1"]
[Result "1-0"]
[WhiteElo "1873"]
[BlackElo "1833"]
[Opening "Sicilian: Velimirovic attack"]
[ECO "B89"]
[Time "13:45:16"]
[TimeControl "2700+45"]

1. e4 c5 2. Nf3 d6 3. d4 cxd4 4. Nxd4 Nf6 5. Nc3 Nc6 6. Bc4 e6 7. Be3 Be7 8. Qe2
Nxe4 9. Nxe4 d5 10. O-O-O Qa5 11. Bb5 Bd7 12. Nc3 e5 13. Nb3 Qd8 14. Rxd5 Qc7
15. Nc5 Bf5 16. g4 Bg6 17. Rd7 Qc8 18. Rhd1 a6 19. Bxc6 bxc6 20. f4 h6 21. f5
Bh7 22. Bf4 O-O 23. Rxe7 exf4 24. Rdd7 Rb8 25. Ne6 Rb4 26. Nxf8 Qb8 27. Re8
{Black resigns} 1-0

[Event "Team 45 45 League T34"]
[Site "Internet Chess Club"]
[Date "2007.07.20"]
[Round "1"]
[White "hansolo1000"]
[Black "rippedmonkey"]
[Result "1-0"]
[WhiteElo "1773"]
[BlackElo "1744"]
[Opening "King's Indian: Kramer system"]
[ECO "E70"]
[Time "22:59:20"]
[TimeControl "2700+45"]

1. d4 Nf6 2. c4 g6 3. Nc3 Bg7 4. e4 d6 5. Nge2 c5 6. d5 O-O 7. Ng3 e6 8. Be2
exd5 9. exd5 Re8 10. Bf4 Nbd7 11. Bxd6 Qb6 12. Nb5 a6 13. Bc7 {Black resigns}
1-0